General information
- name: BNet
- type: Ladder team game (AT/RT)
- host: Battle.net
- saver: THE_BOUSE
map: Battleground
- players: 8
- length: 42:58
- speed: Fast
- version: 1.26 W3XP
- replay type: Public
» download(188 KB)
Players
team 1 (loser)
orc-boner (
red | 38 APM | 314 actions | 08:14)
2 Blademaster
1 Wind Walk
1 Critical Strike
» actions
| Basic commands | 4 | |
| Build / train | 27 | |
| Enter build submenu | 11 | |
| Enter hero's abilities submenu | 2 | |
| Remove unit from queue | 1 | |
| Right click | 160 | |
| Select / deselect | 83 | |
| Use ability | 26 | |
314 total
» units
» upgrades
| Ranged Weapons | 0 | |
| Melee Weapons | 1 | |
| Pillage | 1 | |
2 total
» buildings
| Altar of Storms | 1 | |
| Orc Burrow | 4 | |
| Voodoo Lounge | 1 | |
| Stronghold | 1 | |
| War Mill | 1 | |
| Beastiary | 3 | |
11 total
» build order
00:08 Altar of Storms
00:11 Orc Burrow
01:12 Voodoo Lounge
01:22 Orc Burrow
02:35 Orc Burrow
03:05 Stronghold
04:03 War Mill
05:55 Beastiary
05:57 Beastiary
06:06 Orc Burrow
06:37 Beastiary
» items
| Circlet of Nobility | 3 | |
| Healing Salve | 1 | |
| Lesser Clarity Potion | 1 | |
| Boots of Speed | 1 | |
6 total

»
Yuengling (
yellow | 35 APM | 499 actions | 14:25)
1 Crypt Lord
1 Carrion Beetles
» actions
| Assign group hotkey | 16 | |
| Basic commands | 56 | |
| Build / train | 45 | |
| Enter build submenu | 11 | |
| Enter hero's abilities submenu | 1 | |
| Right click | 102 | |
| Select / deselect | 135 | |
| Select group hotkey | 111 | |
| Use ability | 22 | |
499 total
» units
| Acolyte | 3 | |
| Ghoul | 19 | |
| Gargoyle | 5 | |
| Raider | 2 | |
29 total
» upgrades
| Unholy Strength | 1 | |
| Unholy Armor | 1 | |
| Creature Attack | 1 | |
| Creature Carapace | 1 | |
| Ensnare | 1 | |
5 total
» buildings
| Ziggurat | 5 | |
| Crypt | 2 | |
| Graveyard | 1 | |
| Tomb of Relics | 1 | |
| Altar of Darkness | 1 | |
| Nerubian Tower | 1 | |
| Halls of the Dead | 1 | |
| Spirit Tower | 1 | |
| Sacrificial Pit | 1 | |
14 total
» build order
00:27 Ziggurat
00:57 Crypt
01:02 Crypt
01:37 Ziggurat
01:53 Graveyard
02:01 Tomb of Relics
03:02 Altar of Darkness
03:34 Nerubian Tower
03:42 Ziggurat
05:48 Halls of the Dead
07:10 Spirit Tower
07:47 Ziggurat
09:27 Sacrificial Pit
09:34 Ziggurat
» items
| Dust of Appearance | 1 | |
| Potion of Healing | 1 | |
| Rod of Necromancy | 4 | |
6 total

»
blueblood116 (
blue | 26 APM | 1027 actions | 39:05)
4 Blademaster
2 Critical Strike
2 Wind Walk
1 Tauren Chieftain
1 War Stomp
» actions
| Basic commands | 9 | |
| Build / train | 32 | |
| Enter build submenu | 27 | |
| Enter hero's abilities submenu | 6 | |
| Give item / drop item | 3 | |
| Remove unit from queue | 1 | |
| Right click | 605 | |
| Select / deselect | 246 | |
| Use ability | 98 | |
1027 total
» units
» upgrades
| Spiked Barricades | 1 | |
| Pillage | 1 | |
2 total
» buildings
| Orc Burrow | 7 | |
| Altar of Storms | 1 | |
| Barracks | 1 | |
| War Mill | 1 | |
| Voodoo Lounge | 1 | |
| Watch Tower | 10 | |
| Stronghold | 1 | |
| Fortress | 1 | |
| Beastiary | 3 | |
| Great Hall | 1 | |
27 total
» build order
00:07 Orc Burrow
00:11 Altar of Storms
00:44 Barracks
01:32 War Mill
01:51 Voodoo Lounge
02:07 Orc Burrow
03:49 Watch Tower
03:52 Watch Tower
06:16 Stronghold
06:47 Watch Tower
08:57 Fortress
09:50 Beastiary
09:55 Beastiary
10:01 Beastiary
10:20 Orc Burrow
12:27 Great Hall
12:47 Orc Burrow
12:50 Orc Burrow
12:52 Orc Burrow
13:04 Orc Burrow
16:04 Watch Tower
16:06 Watch Tower
16:08 Watch Tower
16:11 Watch Tower
16:14 Watch Tower
16:18 Watch Tower
16:22 Watch Tower
» items
| Healing Salve | 1 | |
| Lesser Clarity Potion | 2 | |
| Scroll of Speed | 1 | |
| Periapt of Vitality | 1 | |
| Potion of Healing | 1 | |
| Circlet of Nobility | 1 | |
| Scroll of Town Portal | 2 | |
| Boots of Speed | 1 | |
10 total
clanfewa. (
green | 46 APM | 1972 actions | 42:54)
6 Mountain King
3 Storm Bolt
2 Bash
1 Avatar
9 Goblin Tinker
3 Pocket Factory
3 Cluster Rockets
2 Robo-Goblin
1 Engineering Upgrade
» actions
| Assign group hotkey | 66 | |
| Basic commands | 33 | |
| Build / train | 94 | |
| Enter build submenu | 20 | |
| Enter hero's abilities submenu | 13 | |
| Give item / drop item | 10 | |
| Right click | 831 | |
| Select / deselect | 272 | |
| Select group hotkey | 557 | |
| Use ability | 76 | |
1972 total
» units
| Peasant | 11 | |
| Footman | 5 | |
| Forest Troll Shadow Priest | 1 | |
| Gryphon Rider | 15 | |
| Spell Breaker | 7 | |
39 total
» upgrades
| Masonry | 3 | |
| Storm Hammers | 1 | |
| Sorceress Training | 1 | |
| Priest Training | 1 | |
| Magic Sentry | 1 | |
| Control Magic | 1 | |
8 total
» buildings
| Altar of Kings | 1 | |
| Barracks | 1 | |
| Farm | 13 | |
| Scout Tower | 8 | |
| Arcane Tower | 1 | |
| Arcane Vault | 1 | |
| Keep | 1 | |
| Lumber Mill | 1 | |
| Guard Tower | 4 | |
| Castle | 1 | |
| Gryphon Aviary | 2 | |
| Town Hall | 3 | |
| Arcane Sanctum | 3 | |
40 total
» build order
00:10 Altar of Kings
00:22 Barracks
00:36 Farm
00:52 Farm
01:39 Farm
01:46 Scout Tower
02:16 Arcane Tower
02:29 Arcane Vault
02:58 Farm
03:32 Keep
03:37 Lumber Mill
04:09 Scout Tower
04:10 Scout Tower
04:12 Scout Tower
04:42 Farm
04:43 Farm
04:44 Farm
05:26 Guard Tower
05:30 Scout Tower
05:31 Scout Tower
05:46 Guard Tower
06:44 Castle
06:49 Guard Tower
07:07 Gryphon Aviary
07:09 Gryphon Aviary
07:15 Farm
07:16 Farm
07:17 Farm
07:19 Farm
08:49 Farm
08:50 Farm
15:20 Scout Tower
15:20 Scout Tower
16:10 Guard Tower
19:36 Town Hall
24:30 Town Hall
29:46 Town Hall
37:19 Arcane Sanctum
37:21 Arcane Sanctum
37:22 Arcane Sanctum
» items
| Scroll of Regeneration | 6 | |
| Staff of Teleportation | 2 | |
| Potion of Mana | 1 | |
| Scroll of Town Portal | 1 | |
| Potion of Lesser Invulnerability | 3 | |
| Dust of Appearance | 1 | |
| Orb of Fire | 1 | |
| Tome of Retraining | 1 | |
| Boots of Speed | 1 | |
17 total
team 2 (winner)
Shadowss_PER (
purple | 41 APM | 1770 actions | 42:55)
4 Archmage
2 Blizzard
2 Brilliance Aura
1 Mountain King
1 Storm Bolt
» actions
| Assign group hotkey | 12 | |
| Basic commands | 93 | |
| Build / train | 65 | |
| ESC pressed | 10 | |
| Enter build submenu | 25 | |
| Enter hero's abilities submenu | 5 | |
| Give item / drop item | 1 | |
| Right click | 842 | |
| Select / deselect | 438 | |
| Select group hotkey | 178 | |
| Use ability | 98 | |
1770 total
» units
| Peasant | 12 | |
| Mortar Team | 7 | |
| Sorceress | 3 | |
22 total
» upgrades
| Gunpowder | 3 | |
| Sorceress Training | 3 | |
| Magic Sentry | 1 | |
| Flare | 1 | |
8 total
» buildings
| Lumber Mill | 1 | |
| Altar of Kings | 2 | |
| Farm | 10 | |
| Scout Tower | 2 | |
| Arcane Tower | 1 | |
| Guard Tower | 3 | |
| Keep | 4 | |
| Arcane Vault | 1 | |
| Blacksmith | 1 | |
| Workshop | 2 | |
| Arcane Sanctum | 2 | |
| Castle | 4 | |
33 total
» build order
00:19 Lumber Mill
00:36 Altar of Kings
00:41 Altar of Kings
00:54 Farm
01:26 Scout Tower
01:29 Farm
01:46 Farm
01:51 Scout Tower
01:55 Arcane Tower
02:18 Guard Tower
02:18 Guard Tower
02:18 Guard Tower
03:10 Keep
03:10 Keep
03:10 Keep
03:31 Arcane Vault
03:48 Blacksmith
03:52 Farm
03:54 Farm
03:54 Farm
05:42 Workshop
05:46 Workshop
06:29 Arcane Sanctum
06:44 Arcane Sanctum
08:31 Farm
08:34 Farm
10:24 Farm
10:25 Farm
10:59 Castle
11:00 Castle
11:00 Castle
11:00 Castle
» items
| Scroll of Speed | 2 | |
| Boots of Speed | 1 | |
| Scroll of Regeneration | 1 | |
| Potion of Healing | 3 | |
| Scroll of Town Portal | 3 | |
| Dust of Appearance | 1 | |
| Healing Salve | 1 | |
| Orb of Fire | 1 | |
13 total
Csir7 (
orange | 37 APM | 668 actions | 18:01)
6 Blademaster
3 Wind Walk
2 Critical Strike
1 Bladestorm
» actions
| Basic commands | 51 | |
| Build / train | 57 | |
| Enter build submenu | 15 | |
| Enter hero's abilities submenu | 6 | |
| Give item / drop item | 6 | |
| Remove unit from queue | 1 | |
| Right click | 159 | |
| Select / deselect | 289 | |
| Use ability | 84 | |
668 total
» units
» upgrades
| Melee Weapons | 3 | |
| Armor | 4 | |
| Shaman Training | 2 | |
| Pillage | 1 | |
| Ensnare | 1 | |
11 total
» buildings
| Altar of Storms | 1 | |
| Orc Burrow | 4 | |
| War Mill | 1 | |
| Voodoo Lounge | 1 | |
| Watch Tower | 2 | |
| Stronghold | 1 | |
| Fortress | 1 | |
| Spirit Lodge | 1 | |
| Beastiary | 3 | |
15 total
» build order
00:23 Altar of Storms
00:38 Orc Burrow
00:58 War Mill
01:26 Voodoo Lounge
01:33 Orc Burrow
02:22 Watch Tower
02:44 Watch Tower
03:16 Stronghold
03:49 Orc Burrow
04:54 Orc Burrow
05:43 Fortress
05:45 Spirit Lodge
05:47 Beastiary
07:12 Beastiary
09:04 Beastiary
» items
| Healing Salve | 1 | |
| Lesser Clarity Potion | 1 | |
| Circlet of Nobility | 3 | |
| Boots of Speed | 3 | |
| Potion of Healing | 2 | |
| Orb of Lightning | 1 | |
| Scroll of Healing | 1 | |
12 total

»
returnofthenoob (
pink | 43 APM | 869 actions | 20:02)
3 Blademaster
1 Wind Walk
1 Critical Strike
1 Mirror Image
2 Shadow Hunter
1 Hex
1 Healing Wave
» actions
| Basic commands | 17 | |
| Build / train | 50 | |
| Enter build submenu | 16 | |
| Enter hero's abilities submenu | 5 | |
| Remove unit from queue | 2 | |
| Right click | 523 | |
| Select / deselect | 201 | |
| Use ability | 55 | |
869 total
» units
| Peon | 10 | |
| Grunt | 5 | |
| Spirit Walker | 1 | |
| Shaman | 2 | |
| Tauren | 3 | |
21 total
» upgrades
| Melee Weapons | 1 | |
| Berserker Strength | 1 | |
| Armor | 1 | |
| Shaman Training | 2 | |
| Pulverize | 1 | |
6 total
» buildings
| Altar of Storms | 1 | |
| Orc Burrow | 6 | |
| Barracks | 1 | |
| Voodoo Lounge | 1 | |
| War Mill | 1 | |
| Stronghold | 1 | |
| Watch Tower | 2 | |
| Fortress | 1 | |
| Spirit Lodge | 1 | |
| Tauren Totem | 2 | |
17 total
» build order
00:11 Altar of Storms
00:22 Orc Burrow
00:37 Barracks
01:32 Orc Burrow
01:56 Voodoo Lounge
02:20 War Mill
03:37 Stronghold
04:18 Watch Tower
05:12 Watch Tower
05:23 Orc Burrow
06:48 Fortress
07:13 Spirit Lodge
08:27 Orc Burrow
09:56 Tauren Totem
10:04 Tauren Totem
14:13 Orc Burrow
14:18 Orc Burrow
» items
| Healing Salve | 3 | |
| Lesser Clarity Potion | 1 | |
| Scroll of Speed | 2 | |
| Orb of Lightning | 1 | |
| Boots of Speed | 1 | |
| Circlet of Nobility | 1 | |
| Potion of Lesser Invulnerability | 1 | |
| Scroll of Protection | 1 | |
| Scroll of Healing | 1 | |
12 total
THE_BOUSE (
teal | 47 APM | 2039 actions | 42:58)
5 Mountain King
3 Storm Bolt
2 Bash
6 Goblin Tinker
3 Cluster Rockets
2 Engineering Upgrade
1 Robo-Goblin
» actions
| Assign group hotkey | 132 | |
| Basic commands | 154 | |
| Build / train | 98 | |
| Enter build submenu | 27 | |
| Enter hero's abilities submenu | 11 | |
| Give item / drop item | 13 | |
| Remove unit from queue | 1 | |
| Right click | 945 | |
| Select / deselect | 393 | |
| Select group hotkey | 204 | |
| Use ability | 60 | |
2039 total
» units
| Peasant | 10 | |
| Footman | 6 | |
| Gryphon Rider | 37 | |
53 total
» upgrades
| Masonry | 3 | |
| Swords | 3 | |
| Animal War Training | 1 | |
| Storm Hammers | 1 | |
| Armor | 3 | |
| Lumber Harvesting | 1 | |
| Backpack | 1 | |
13 total
» buildings
| Altar of Kings | 1 | |
| Barracks | 1 | |
| Farm | 16 | |
| Lumber Mill | 1 | |
| Keep | 1 | |
| Scout Tower | 1 | |
| Arcane Tower | 1 | |
| Arcane Vault | 1 | |
| Castle | 1 | |
| Gryphon Aviary | 2 | |
| Blacksmith | 1 | |
| Town Hall | 2 | |
29 total
» build order
00:04 Altar of Kings
00:08 Barracks
00:11 Farm
01:29 Farm
02:12 Farm
02:26 Lumber Mill
02:44 Keep
02:52 Scout Tower
03:18 Arcane Tower
04:00 Farm
04:16 Arcane Vault
05:00 Farm
05:08 Castle
05:20 Gryphon Aviary
05:59 Gryphon Aviary
06:21 Blacksmith
12:42 Farm
12:43 Farm
15:32 Farm
16:10 Farm
18:27 Farm
18:28 Farm
18:31 Farm
22:10 Farm
22:59 Farm
23:00 Farm
23:02 Farm
29:26 Town Hall
42:48 Town Hall
» items
| Staff of Teleportation | 2 | |
| Boots of Speed | 2 | |
| Scroll of Regeneration | 1 | |
| Orb of Fire | 3 | |
| Scroll of Town Portal | 1 | |
9 total
Chat log
(00:07 / Allies) returnofthenoob: plz try to win
(00:18 / All) Yuengling: rematch oj u bitch
(00:20 / Allies) THE_BOUSE: why? are you on a loss streak?
(00:22 / All) blueblood116: qq
(00:26 / All) Csir7: cry more
(00:30 / All) Csir7: little punk kid
(00:32 / Allies) returnofthenoob: oj u any good?
(00:43 / All) clanfewa.: what happened last game
(00:44 / Allies) returnofthenoob: whats he crying about
(00:46 / All) Yuengling: thats not cry its call ur ass out
(00:50 / Allies) THE_BOUSE: he has a 55-51 w/l, so oj is at least 50-50
(00:54 / All) Csir7: I killed him he cried
(01:03 / All) THE_BOUSE: you're a stabber?
(01:09 / All) Csir7: he started
(01:12 / Allies) Shadowss_PER: am then morts
(01:12 / All) Csir7: I whooped him
(01:14 / All) returnofthenoob: dont fucken team kill
(01:23 / All) Yuengling: oj run ur little bm shit
(01:32 / All) clanfewa.: u were on same team?
(01:54 / All) Csir7: yellow doesn't know how to behave
(02:02 / All) Csir7: his father didn't beat him growing up
(02:05 / Allies) returnofthenoob: play to win
(02:08 / All) Csir7: so he grew up a kid punk
(02:22 / All) Yuengling: stuf and play
(02:27 / All) Csir7: hush boy
(02:40 / All) Yuengling: ps tell ur mother i said hello
(02:52 / All) Csir7: something a child would say
(03:08 / All) blueblood116: suck my cock'
(03:27 / All) Yuengling: but she made feel like a man
(03:28 / All) returnofthenoob: everyone tralking trash
(03:56 / All) clanfewa.: with all due respect orange, this is 4v4rt, it happens every game
(04:11 / All) returnofthenoob: dont hate the player hate the game
(04:21 / Allies) Shadowss_PER: pink
(04:36 / Allies) Shadowss_PER: hey no
(04:42 / Allies) returnofthenoob: wtf purp
(04:44 / Allies) returnofthenoob: that hurts me
(04:53 / Allies) Shadowss_PER: buy dust
(04:59 / Allies) returnofthenoob: purp
(05:00 / Allies) returnofthenoob: b
(05:01 / Allies) returnofthenoob: to my base
(06:02 / Allies) Shadowss_PER: gold pls
(06:04 / All) returnofthenoob: bitch fuck u
(06:12 / All) blueblood116: owned
(06:32 / All) returnofthenoob: wish i had some dust
(06:36 / All) blueblood116: qq
(06:39 / Allies) returnofthenoob: whose got what?
(06:45 / Allies) returnofthenoob: im getting melee cause im orc
(06:49 / Allies) Shadowss_PER: invis morts
(06:56 / Allies) Shadowss_PER: but i need gold
(06:56 / Allies) returnofthenoob: wtf we need aa
(07:11 / Allies) THE_BOUSE: I'm getting gryphons
(07:12 / Allies) Shadowss_PER: i should say
(07:19 / Allies) Shadowss_PER: iv already failed
(07:21 / All) Csir7: that's right
(07:31 / Allies) Shadowss_PER: pink
(07:34 / Allies) Shadowss_PER: help him
(07:36 / Allies) Shadowss_PER: you've got dust
(07:42 / Allies) Shadowss_PER: PINK
(07:50 / Allies) returnofthenoob: you gave me it
(07:50 / Allies) Shadowss_PER: red is the weakest
(07:53 / Allies) Shadowss_PER: ya
(08:05 / Allies) Shadowss_PER: shit
(08:07 / All) returnofthenoob: wow
(08:11 / Allies) Shadowss_PER: it was a fucking sec more
(08:19 / Allies) returnofthenoob: omw
(08:27 / All) blueblood116: ?
(08:35 / Allies) THE_BOUSE: wood please
(09:10 / Allies) Shadowss_PER: PINK
(09:12 / Allies) Shadowss_PER: }watch out
(09:34 / All) blueblood116: owned
(09:48 / Allies) THE_BOUSE: wood please
(10:03 / Allies) THE_BOUSE: thanks
(10:52 / Allies) Csir7: let's teal
(10:54 / Allies) Csir7: to green
(10:59 / Allies) returnofthenoob: omfg
(11:05 / All) blueblood116: owned
(11:07 / All) blueblood116: gg
(11:24 / Allies) returnofthenoob: they just illed me
(11:43 / Allies) returnofthenoob: everyone tp??
(11:55 / Allies) returnofthenoob: fucken tp??
(12:13 / Allies) returnofthenoob: ok nice
(13:01 / Allies) Csir7: teal??
(13:09 / Allies) returnofthenoob: wtf
(13:10 / Allies) returnofthenoob: teal
(13:11 / Allies) Csir7: what is this fag doing
(13:16 / Allies) Csir7: another dumb kid
(13:16 / All) THE_BOUSE: what is this fag doing -oj
(13:17 / All) THE_BOUSE: he mad
(13:21 / All) THE_BOUSE: another dumb kid -oj
(13:23 / All) THE_BOUSE: he very mad
(13:23 / Allies) Csir7: children
(13:25 / Allies) returnofthenoob: teal wtf?
(13:29 / All) blueblood116: hahahaha
(13:34 / All) THE_BOUSE: you lost this from the start oj
(13:37 / All) THE_BOUSE: green si a stabber too
(13:43 / All) THE_BOUSE: I know him
(13:43 / All) blueblood116: i like
(13:50 / All) returnofthenoob: wtf u in cahoots
(13:52 / All) returnofthenoob: with each other
(14:08 / All) returnofthenoob: teal u screwing me over too though
(14:12 / All) THE_BOUSE: I know
(14:16 / All) blueblood116: yellow is a noob
(14:18 / All) THE_BOUSE: it's nothing personal except for oj
(14:24 / Allies) returnofthenoob: ok but i still want to win
(14:29 / All) Csir7: teal is another fag boy
(14:29 / Allies) returnofthenoob: so can we still win?
(14:34 / All) Csir7: gay children
(14:40 / All) Csir7: doomed generation
(15:22 / All) Csir7: teal
(15:28 / All) THE_BOUSE: you mad sonny?
(15:30 / All) Csir7: its ok to feel brave on the internet
(15:35 / All) THE_BOUSE: you got raped
(15:37 / All) THE_BOUSE: you suck at this game
(15:43 / All) THE_BOUSE: 2960 houston street california
(15:46 / All) THE_BOUSE: want to fight tough guy?
(15:48 / All) Csir7: teal feels brave from a distance
(16:04 / All) Csir7: punk kid
(16:17 / All) THE_BOUSE: you mad? 1v3ed
(16:18 / All) THE_BOUSE: dumbass
(16:22 / All) THE_BOUSE: you suck at this game and at life
(16:25 / All) THE_BOUSE: you are awful and bad
(16:33 / All) blueblood116: qq
(16:33 / All) THE_BOUSE: SHIT player
(16:35 / All) THE_BOUSE: SHIT person
(16:37 / All) THE_BOUSE: so bad oj
(16:47 / All) THE_BOUSE: you're not even rebuilding
(16:47 / All) Csir7: this homo doesn't even know Me
(16:49 / All) THE_BOUSE: dumbfuck
(16:54 / All) Csir7: running his homosexual mouth
(17:29 / All) THE_BOUSE: mad?
(18:01 / All) THE_BOUSE: owned
(18:04 / All) blueblood116: suck my cock
(18:08 / All) returnofthenoob: teal
(18:09 / All) returnofthenoob: why me?
(18:21 / All) blueblood116: even
(18:30 / All) blueblood116: teals cool
(18:37 / All) returnofthenoob: i never did anything to u teal
(18:39 / All) returnofthenoob: i just want to win
(18:41 / All) returnofthenoob: so lets win
(18:44 / All) THE_BOUSE: NO
(18:47 / All) THE_BOUSE: stfu and go die
(18:57 / All) returnofthenoob: so its true
(18:58 / All) blueblood116: owned
(18:59 / All) returnofthenoob: you are a fagit
(19:03 / All) THE_BOUSE: l2 spell
(19:07 / All) THE_BOUSE: fagit is not a word
(19:08 / All) THE_BOUSE: faggot
(19:14 / All) returnofthenoob: fagit
(19:25 / All) blueblood116: good gamme
(19:29 / All) THE_BOUSE: I think you're mad that you lost at this game 1v3
(19:33 / All) THE_BOUSE: np blue
(19:56 / All) returnofthenoob: teals a little fagit
(19:58 / All) returnofthenoob: wa wa wa
(20:02 / All) blueblood116: qq pink
(21:04 / All) THE_BOUSE: the two coolest items. alleria's flute of accuracy and cloak of flames
(21:12 / All) blueblood116: mhm
(21:15 / All) THE_BOUSE: thanks for the resources purp
(21:19 / All) blueblood116: frost orb!
(21:21 / All) clanfewa.: i say endurance aura is best
(21:23 / Allies) Shadowss_PER: np
(21:29 / All) clanfewa.: makes u faster
(21:40 / All) blueblood116: damn
(22:06 / Allies) Shadowss_PER: what will u do, teal?
(22:12 / Allies) THE_BOUSE: idk
(22:29 / Allies) THE_BOUSE: kill you I guess
(22:36 / All) THE_BOUSE: purp peasants top right
(22:47 / All) blueblood116: ty
(22:50 / All) THE_BOUSE: NP
(23:55 / Allies) Shadowss_PER: u forgot it
(23:57 / All) THE_BOUSE: thanks for giving me control purp so I can stab you ez
(24:07 / Allies) THE_BOUSE: no inventory room
(24:12 / Allies) Shadowss_PER: i
(24:15 / Allies) Shadowss_PER: lol
(25:00 / Allies) Shadowss_PER: ur 2nd hero has room in ur inventory
(25:05 / Allies) THE_BOUSE: I just got it
(25:05 / Allies) Shadowss_PER: pick it up
(25:12 / Allies) Shadowss_PER: oh, my bad then
(25:12 / Allies) THE_BOUSE: creeping is more important
(25:20 / Allies) THE_BOUSE: will get it after though
(25:21 / Allies) Shadowss_PER: uhm ,ya
(25:25 / Allies) THE_BOUSE: also dropped a cloak of shadows
(25:40 / Allies) Shadowss_PER: u could sell it
(25:46 / All) blueblood116: nice teal
(25:50 / All) THE_BOUSE: thanks?
(25:58 / All) blueblood116: ima get u
(26:01 / All) THE_BOUSE: LOL
(26:10 / All) THE_BOUSE: 1 BM does not beat 10 gryphs, a mk, and a tinker
(26:15 / All) THE_BOUSE: you're free xp at this point
(26:16 / All) blueblood116: it sdoes
(26:58 / Allies) Shadowss_PER: should u bring em?
(27:12 / Allies) Shadowss_PER: teal
(27:18 / All) blueblood116: damn
(27:20 / Allies) Shadowss_PER: ur've got more gryps there
(27:23 / All) blueblood116: what happened
(27:25 / Allies) THE_BOUSE: I know
(27:31 / All) THE_BOUSE: he was feeding me you clown
(27:46 / All) blueblood116: ?
(27:48 / All) blueblood116: wow green'
(27:51 / All) THE_BOUSE: giving me xp
(27:57 / All) clanfewa.: let me get griffs
(27:58 / All) blueblood116: sad
(28:06 / All) blueblood116: green ur noob
(28:10 / All) THE_BOUSE: lol
(28:22 / All) THE_BOUSE: says mr. ez die
(28:44 / All) blueblood116: purple r they?
(29:01 / All) Shadowss_PER: i think they are
(29:11 / All) blueblood116: r u guys the same person?
(29:15 / All) THE_BOUSE: lol
(29:16 / All) THE_BOUSE: no
(29:18 / All) THE_BOUSE: he's a friend
(29:27 / All) blueblood116: come at me bro
(29:29 / All) Shadowss_PER: it's same thing
(29:42 / All) THE_BOUSE: being the same person and a friend is the same thing? lol
(29:51 / All) Shadowss_PER: they were toying around us
(30:08 / All) Shadowss_PER: well
(30:15 / All) Shadowss_PER: it's a fixed game anyways
(30:21 / All) blueblood116: who wins?
(30:23 / All) Shadowss_PER: the final is the same
(30:27 / All) Shadowss_PER: who knows
(30:29 / All) Shadowss_PER: xD
(30:31 / All) blueblood116: i do
(30:51 / All) clanfewa.: IM COMING AFTER UB LUE
(30:56 / All) blueblood116: suxk my cock
(31:01 / All) clanfewa.: I LIKE COCK
(31:07 / All) Shadowss_PER: lol
(31:13 / All) Shadowss_PER: well guys, ill be afk
(31:17 / All) THE_BOUSE: k gtfo
(31:20 / All) Shadowss_PER: fb calls me
(31:26 / All) Shadowss_PER: cya later
(31:30 / All) THE_BOUSE: facebook? GTFO
(31:32 / All) THE_BOUSE: go die
(31:34 / All) THE_BOUSE: genetic waste
(32:26 / All) blueblood116: awee
(32:33 / All) THE_BOUSE: no way I can remake those soon
(32:54 / All) blueblood116: come at me bro
(33:01 / All) THE_BOUSE: unwindwalk
(33:03 / All) THE_BOUSE: nigga
(33:06 / All) blueblood116: qq
(33:07 / All) clanfewa.: 3 more griffs
(33:18 / All) clanfewa.: tinker will do
(33:20 / All) THE_BOUSE: don't kill my tinker
(33:22 / All) THE_BOUSE: dumbfuck
(33:26 / All) blueblood116: qq
(33:27 / All) THE_BOUSE: making more gryphs
(33:30 / All) THE_BOUSE: with any gold I have
(34:22 / All) blueblood116: come at me bro
(34:35 / All) THE_BOUSE: god damn
(34:39 / All) THE_BOUSE: I'm making your lost gryph
(34:40 / All) THE_BOUSE: gtfo
(35:00 / All) clanfewa.: blues hero is next
(35:04 / All) blueblood116: qq
(35:09 / All) blueblood116: chase me
(35:20 / All) blueblood116: noob
(35:28 / All) blueblood116: how u know where i am
(35:33 / All) THE_BOUSE: I saw green chasing you
(35:39 / All) THE_BOUSE: nigguh
(35:47 / All) THE_BOUSE: also, intuition
(35:49 / All) THE_BOUSE: going to my expo
(35:53 / All) THE_BOUSE: or purp
(36:06 / All) blueblood116: hahahaha
(36:11 / All) THE_BOUSE: expo
(36:13 / All) THE_BOUSE: right?
(36:16 / All) blueblood116: chase me!
(36:19 / All) THE_BOUSE: I can see green
(36:21 / All) THE_BOUSE: I know where you are
(36:51 / All) blueblood116: now chase me
(36:59 / All) THE_BOUSE: 1 stun and you die
(37:05 / All) THE_BOUSE: cluster rockets are pro
(37:11 / All) blueblood116: qq
(37:32 / All) blueblood116: hahahaha
(37:33 / All) blueblood116: noobs
(37:40 / All) blueblood116: im already other side
(37:42 / All) blueblood116: u slow
(37:48 / All) THE_BOUSE: and you blow
(37:54 / All) blueblood116: ur moms pussy
(37:55 / All) blueblood116: yea
(37:59 / All) THE_BOUSE: she's dead
(38:02 / All) THE_BOUSE: nice necrophilia
(38:03 / All) THE_BOUSE: LMAO
(38:07 / All) THE_BOUSE: you like corpses?
(38:16 / All) blueblood116: i bang
(38:18 / All) blueblood116: her anyway
(38:31 / All) blueblood116: cute
(38:52 / All) blueblood116: hahaha
(38:59 / All) THE_BOUSE: RAPED
(39:00 / All) blueblood116: noob
(39:04 / All) THE_BOUSE: noob?
(39:06 / All) THE_BOUSE: you just got served
(39:12 / All) clanfewa.: ragequit
(39:15 / All) THE_BOUSE: lol
(39:22 / All) THE_BOUSE: I clustered his ghost somehow
(39:22 / All) THE_BOUSE: pro
(39:46 / All) clanfewa.: his ghost?
(39:52 / All) THE_BOUSE: the ud thingy
(40:01 / All) THE_BOUSE: didn't know he had one, was clustering everywhere
(40:02 / All) clanfewa.: i had it on u
(40:04 / All) THE_BOUSE: it killed something
(40:23 / All) THE_BOUSE: peasants
(41:04 / All) THE_BOUSE: tinker with cloak of flames is pwn
(42:19 / All) THE_BOUSE: I'll expo again
(42:54 / All) THE_BOUSE: JESUS NO